 Dungeon Crawl Stone Soup version 0.27.0-1-g7a089689b8 (webtiles) character file.

Game seed: 10630503931307791221

7 sanka the Vexing (level 2, 0/18 HPs)
             Began as an Octopode Arcane Marksman on Aug 10, 2021.
             Slain by a jackal (3 damage)
             ... on level 1 of the Dungeon.
             The game lasted 00:00:29 (118 turns).

sanka the Vexing (Octopode Arcane Marksman)          Turns: 118, Time: 00:00:30

Health: 0/18       AC:  1    Str:  9    XL:     2   Next: 4%
Magic:  3/3        EV: 13    Int: 15    God:
Gold:   0          SH:  0    Dex: 12    Spells: 2/3 levels left

rFire    . . .     SeeInvis .     - Unarmed
rCold    . . .     Faith    .   (no shield)
rNeg     . . .     Spirit   .   (helmet restricted)
rPois    .         Reflect  .   (no amulet)
rElec    .         Harm     .   (no ring)
rCorr    .         Rampage  .   (no ring)
Will     .....                  (no ring)
Stlth    ++........             (no ring)
HPRegen  0.06/turn              (no ring)
MPRegen  0.08/turn              (no ring)
                                (no ring)
                                (no ring)

@: no status effects
A: almost no armour, amphibious, 8 rings, camouflage 1, gelatinous body 1,
(nimble swimmer 1), tentacles
a: no special abilities


You were on level 1 of the Dungeon.
You visited 1 branch of the dungeon, and saw 1 of its levels.


Innate Abilities, Weirdness & Mutations

You cannot wear most types of armour.
You are amphibious.
You can wear up to eight rings at the same time.
Your skin changes colour to match your surroundings (Stealth+).
Your rubbery body absorbs attacks. (AC +1, EV +1)
((You are camouflaged near water. (Stealth+)))
You have tentacles for arms and can constrict up to eight enemies at once.


   Skills:
 - Level 1.0 Fighting
 - Level 2.0 Throwing
 + Level 2.3 Dodging
 + Level 1.0 Unarmed Combat
 - Level 1.0 Spellcasting
 - Level 3.0 Hexes


You had 2 spell levels left.
You knew the following spells:

 Your Spells              Type           Power      Damage    Failure   Level
Z - Corona                Hex            10%        N/A       7%          1

Your spell library contained the following spells:

 Spells                   Type           Power      Damage    Failure   Level
 Slow                     Hex            9%         N/A       11%         2
 Inner Flame              Hex/Fire       5%         N/A       36%         3
 Portal Projectile        Hex/Tloc       10%        N/A       36%         3
 Cause Fear               Hex            4%         N/A       56%         4
 Stone Arrow              Conj/Erth      0%         3d7       58%         3
 Bolt of Magma            Conj/Fire/Erth 0%         4d4       100%        5
 Shatter                  Erth           0%         3d5*      100%        9

Inventory:

Missiles
 a - 3 javelins (quivered)
 b - 2 throwing nets {=f}
Scrolls
 c - a scroll of immolation {unknown}
 d - 2 scrolls of identify {unknown}

Dungeon Overview and Level Annotations

Branches:
Dungeon (1/15)

Altars:

▒▒▒▒ ▒▒▒▒▒▒▒▒▒▒▒▒▒
...▒ ▒...........▒
▒▒.▒▒▒.▒▒▒▒▒▒▒▒▒.▒
........▒ ▒.▒
▒▒.▒▒▒..▒▒▒▒▒▒▒▒.▒
▒▒.▒▒▒...........▒
.............▒▒▒x▒
▒▒..▒▒.▒▒▒▒▒.▒ ▒h▒
▒▒..▒▒.▒ ▒.▒ ▒h▒
▒▒..▒▒.▒ ▒.▒ ▒h▒
▒▒.....▒ ▒.▒ ▒.▒
▒▒.▒▒▒. ▒▒▒.▒▒▒(▒
..... ........▒
▒▒.▒▒ ▒▒▒▒▒▒▒.▒ ▒
▒ ▒▒.▒▒


You could see 3 jackals.


Message History

You constrict the goblin.
You kill the goblin!
The jackal barely misses you. The jackal barely misses you.
The jackal misses you. The jackal bites you.
* * * LOW HITPOINT WARNING * * *
Throw: 5 javelins
Aim: a jackal (50% to hit)
You throw a javelin. The javelin pierces through the jackal.
The jackal is lightly wounded.
The javelin barely misses the jackal.
The javelin pierces through the giant cockroach!
You kill the giant cockroach!
The javelin closely misses the jackal.
The jackal barely misses you. The jackal misses you.
Your Unarmed Combat skill increases to level 1!
You have reached level 2!
Throw: 4 javelins
Aim: a jackal (50% to hit)
You throw a javelin. The javelin closely misses the jackal.
The javelin pierces through the jackal.
The jackal is moderately wounded.
The javelin pierces through the jackal.
The jackal is almost dead.
The jackal bites you.
You die...

Action                   || total
-------------------------++-------
Melee: Unarmed           ||    19
       Constrict         ||     8
       Tentacles         ||     4
Throw: Javelin           ||     2
 Stab: Sleeping          ||     1
Armor: Skin              ||     5
Dodge: Dodged            ||    25

Levels and vault maps discovered:
D:1:      dpeg_arrival_rooms_c, layout_loops_ring,
          hellmonk_ecumenical_altar_dog_temple

Notes
Turn   | Place    | Note
-------+----------+-------------------------------------------
     0 | D:1      | sanka the Octopode Arcane Marksman began the quest for the
                  | Orb.
     0 | D:1      | Reached XP level 1. HP: 13/13 MP: 2/2
   118 | D:1      | Reached skill level 1 in Unarmed Combat
   118 | D:1      | Reached XP level 2. HP: 3/18 MP: 3/3
   118 | D:1      | Slain by a jackal

Vanquished Creatures
  2 giant cockroaches (D:1)
  A goblin (D:1)
  3 bats (D:1)
6 creatures vanquished.
